 Dungeon Crawl Stone Soup version 0.20-a0-949-g916514f (webtiles) character file.

98 M4edhros the Insei (level 4, -5/27 HPs)
             Began as an Octopode Necromancer on Apr 3, 2017.
             Slain by a bullfrog (8 damage)
             ... in a sewer.
             The game lasted 00:04:00 (686 turns).

M4edhros the Insei (Octopode Necromancer)            Turns: 686, Time: 00:04:00

Health: -5/27      AC:  1    Str:  7    XL:     4   Next: 69%
Magic:  2/7        EV: 13    Int: 17    God:
Gold:   92         SH:  3    Dex: 13    Spells: 2/7 levels left

rFire    . . .     SeeInvis .   d - +0 dagger (venom)
rCold    . . .     Gourm    .   (no shield)
rNeg     . . .     Faith    .   (helmet restricted)
rPois    .         Spirit   .   l - +3 amulet of reflection
rElec    .         Reflect  +   (no ring)
rCorr    .         Harm     .   (no ring)
MR       .....                  (no ring)
Stlth    ++++......             (no ring)
Regen    0.1/turn               (no ring)
MPRegen  0.1/turn               (no ring)
                                (no ring)
                                (no ring)

@: lethally poisoned (-5 -> -10), very slightly contaminated
A: almost no armour, stealthy swim, amphibious, 8 rings, constrict 8, camouflage
1, gelatinous body 1
a: no special abilities


You were in a sewer.
You were hungry.

You visited 1 branch of the dungeon, and saw 3 of its levels.
You also visited: Sewer.

You collected 92 gold pieces.

Inventory:

Hand Weapons
 c - a +2 hand axe of freezing
 d - a +0 dagger of venom (weapon)
Jewellery
 l - a +3 amulet of reflection (around mantle)
Wands
 m - a wand of random effects (21/48)
Scrolls
 e - 2 scrolls of teleportation {unknown}
 g - a scroll of immolation {unknown}
 h - a scroll of amnesia {unknown}
 j - 3 scrolls of identify {unknown}
 k - a scroll of random uselessness {unknown}
 n - 3 scrolls of remove curse {unknown}
Books
 a - a book of Necromancy

   Spells                             Type                      Level
   a - Pain                           Necromancy                   1
   b - Animate Skeleton               Necromancy                   1
   c - Vampiric Draining              Necromancy                   3
   d - Regeneration                   Charms/Necromancy            3
   e - Animate Dead                   Necromancy                   4
   f - Control Undead                 Necromancy                   4
Comestibles
 b - a bread ration
 f - 12 chunks of flesh
 i - a meat ration


   Skills:
 - Level 2.0 Dodging
 - Level 2.6 Stealth
 + Level 4.1 Unarmed Combat
 - Level 2.0 Spellcasting
 - Level 4.0 Necromancy


You had 2 spell levels left.
You knew the following spells:

 Your Spells              Type           Power        Failure   Level  Hunger
a - Pain                  Necr           ###.         3%          1    #......
b - Animate Skeleton      Necr           N/A          3%          1    #......
c - Regeneration          Chrm/Necr      #.........   24%         3    ###....


Dungeon Overview and Level Annotations

Branches:
Dungeon (3/15)

Altars:
Vehumet


Innate Abilities, Weirdness & Mutations

You cannot wear most types of armour.
You are very stealthy in the water. (Stealth+)
You are amphibious.
You can wear up to eight rings at the same time.
You can use your tentacles to constrict eight enemies at once.
Your skin changes colour to match your surroundings (Stealth+).
Your rubbery body absorbs attacks. (AC +1, EV +1)


Message History

The bullfrog croaks.
Evoking this partially-identified wand wasted a few charges.
Evoke which item? (* to show all) (? for menu, Esc to quit)
Aiming: Random Effects (will waste charges)
Press: ? - help, Shift-Dir - straight line, f - bullfrog
Aim: a bullfrog The bolt of negative energy misses the bullfrog.
Evoking this partially-identified wand wasted a few charges.
* * * LOW HITPOINT WARNING * * *
You feel sick. The bullfrog hits you.
* * * LOW HITPOINT WARNING * * *
You aren't carrying any potions.
Evoke which item? (* to show all) (? for menu, Esc to quit)
Aiming: Random Effects (will waste charges)
Press: ? - help, Shift-Dir - straight line, f/p - bullfrog
Aim: a bullfrog The bullfrog looks slightly unstable.
Evoking this partially-identified wand wasted a few charges.
The bullfrog hits you!
You die...

#.≈≈≈≈# ### #.≈≈≈≈#
##≈≈≈≈
#≈≈≈≈≈##≈≈≈≈≈≈≈
#.≈≈≈≈#≈≈≈≈∩≈≈≈≈≈
#.≈≈≈§≈≈≈≈≈..≈≈≈.≈
#≈†≈Z≈≈†≈≈≈≈≈.≈.$.
#≈≈≈≈≈§≈≈≈≈..≈≈?$(
#.≈≈≈F≈≈≈≈≈≈.≈≈≈)≈≈≈≈
#.≈≈@≈%≈≈≈≈..≈.≈.≈≈≈≈
#.≈≈≈≈≈≈≈≈≈≈≈≈≈≈≈≈≈≈≈
#.≈≈≈.≈≈≈≈≈≈≈≈≈≈≈≈≈≈≈
#.≈≈≈.≈≈≈≈≈≈≈≈≈≈≈≈≈≈≈
#.≈≈≈≈..≈≈≈≈≈≈≈≈≈≈...
#.≈≈≈≈≈≈≈≈≈≈≈≈≈≈≈≈≈≈≈
#.≈≈≈≈≈≈≈≈≈≈≈≈≈≈≈≈≈≈≈
#..≈≈≈≈≈≈≈≈≈≈≈≈≈≈≈≈≈≈
##...................


You could see a bullfrog and a friendly frilled lizard skeleton.

Vanquished Creatures
  A river rat (D:3)
  3 adders
  A worm (D:3)
  A dart slug (D:3)
  5 leopard geckos
  5 ball pythons
  4 giant cockroaches
  4 goblins (D:1)
  5 hobgoblins
  2 bats (D:1)
  4 frilled lizards (Sewer)
  2 kobolds (D:1)
  4 rats
41 creatures vanquished.

Vanquished Creatures (collateral kills)
  An adder (Sewer)
  A leopard gecko (D:1)
  A ball python (Sewer)
  A frilled lizard (Sewer)
4 creatures vanquished.

Grand Total: 45 creatures vanquished

Notes
Turn   | Place    | Note
-------+----------+-------------------------------------------
     0 | D:1      | M4edhros the Octopode Necromancer began the quest for the Orb.
     0 | D:1      | Reached XP level 1. HP: 11/11 MP: 3/3
    50 | D:1      | Reached skill level 1 in Unarmed Combat
    73 | D:1      | Learned a level 1 spell: Animate Skeleton
   123 | D:1      | Reached XP level 2. HP: 14/17 MP: 3/5
   290 | D:2      | Found a radiant altar of Vehumet.
   365 | D:2      | Reached XP level 3. HP: 17/21 MP: 6/6
   370 | D:2      | Learned a level 3 spell: Regeneration
   512 | D:3      | Found a glowing drain.
   534 | D:3      | Reached XP level 4. HP: 9/27 MP: 7/7
   545 | Sewer    | Entered a sewer
   684 | Sewer    | Noticed a bullfrog
   686 | Sewer    | Slain by a bullfrog

Vault maps used:
D:1:      co_arrival_random_square_maze, minmay_misc_feat_encased,
          kennysheep_crisscross
D:2:      lemuel_crystal_altar, nicolae_overflow_hidden_temple
D:3:      tgw_sif, nicolae_overflow_crystal_walls, portal_sewer_entry_c
Sewer:    sewer_frog_island_01

Skill      XL: |  1  2  3  4 |
---------------+-------------+-----
Unarmed Combat | 1 2 3 4 |  4.1
Dodging        | |  2.0
Stealth        | |  2.6
Spellcasting   | |  2.0
Necromancy     | |  4.0

Action                   |  1- 3 |  4- 6 || total
-------------------------+-------+-------++-------
Melee: Dagger            |    63 |    27 ||    90
       Hand axe          |     3 |       ||     3
       Constrict         |    19 |     8 ||    27
       Tentacles         |     7 |     1 ||     8
       Punch             |       |     2 ||     2
 Cast: Animate Skeleton  |     6 |     8 ||    14
       Pain              |     1 |       ||     1
       Regeneration      |     2 |     3 ||     5
Evoke: Wand              |       |     4 ||     4
  Use: Potion            |     1 |       ||     1
 Stab: Sleeping          |     7 |       ||     7
       Distracted        |       |     1 ||     1
Armor: Skin              |     2 |     3 ||     5
Dodge: Dodged            |    34 |    20 ||    54
Block: Other             |     3 |     7 ||    10
